 Dungeon Crawl Stone Soup version 0.20.1-1-g8b1a95d (webtiles) character file.

109 Ejeck the Skirmisher (level 4, -5/41 HPs)
             Began as a Minotaur Fighter on Aug 4, 2017.
             Was an Initiate of Trog.
             Killed by divine providence
             ... invoked by an orc priest
              (12 damage)
             ... on level 3 of the Dungeon.
             The game lasted 00:09:33 (1652 turns).

Ejeck the Skirmisher (Minotaur Fighter)             Turns: 1652, Time: 00:09:34

Health: -5/41      AC:  7    Str: 21    XL:     4   Next: 60%
Magic:  3/3        EV:  7    Int:  5    God:    Trog [......]
Gold:   100        SH:  9    Dex: 10    Spells: 3/3 levels left

rFire    . . .     SeeInvis .   a - +0 long sword
rCold    . . .     Gourm    .   c - +0 shield
rNeg     . . .     Faith    .   b - +0 scale mail
rPois    .         Spirit   .   (helmet restricted)
rElec    .         Reflect  .   (no cloak)
rCorr    .         Harm     .   (no gloves)
MR       .....                  (no boots)
Stlth    ..........             (no amulet)
Regen    0.2/turn               (no ring)
MPRegen  0.1/turn               (no ring)

@: no status effects
A: retaliatory headbutt, horns 2
a: Burn Spellbooks, Renounce Religion


You were on level 3 of the Dungeon.
You worshipped Trog.
Trog was noncommittal.
You were not hungry.

You visited 1 branch of the dungeon, and saw 3 of its levels.

You collected 100 gold pieces.

Inventory:

Hand Weapons
 a - a +0 long sword (weapon)
Missiles
 e - 30 stones (quivered)
Armour
 b - a +0 scale mail (worn)
 c - a +0 shield (worn)
Jewellery
 l - a +1 ring of protection {unknown}
Scrolls
 g - a scroll of fear {unknown}
 j - a scroll of teleportation {unknown}
 k - 3 scrolls of remove curse {unknown}
 m - 2 scrolls of magic mapping {unknown}
 n - a scroll of amnesia {unknown}
 p - a scroll of fog {unknown}
Potions
 d - a potion of might
 i - a potion of degeneration {unknown}
 o - a potion of agility {unknown}
 q - a potion of lignification {unknown}
Comestibles
 f - a bread ration
 h - a royal jelly


   Skills:
 + Level 4.7 Fighting
 * Level 2.7 Long Blades
 + Level 1.9 Throwing
 + Level 4.4 Armour
 + Level 0.0 Dodging
 + Level 4.2 Shields


You had 3 spell levels left.
You didn't know any spells.

Dungeon Overview and Level Annotations

Branches:
Dungeon (3/15)

Altars:
Trog

Annotations:
D:3 Terence


Innate Abilities, Weirdness & Mutations

You reflexively headbutt those who attack you in melee.
You have a pair of horns on your head.


Message History

The ooze barely misses you.
You hit the orc priest but do no damage.
The orc priest is severely wounded.
The orc priest mumbles some strange prayers to Beogh against you.
Pain shoots through your body! You block the ooze's attack.
You closely miss the orc priest.
The orc priest is severely wounded.
The orc priest calls down the wrath of Beogh upon you.
Pain shoots through your body!
* * * LOW HITPOINT WARNING * * *
You block the ooze's attack.
The orc priest hits you with a hand axe.
* * * LOW HITPOINT WARNING * * *
You block the ooze's attack.
You barely miss the orc priest.
You headbutt the orc priest, but do no damage.
The orc priest is severely wounded.
The orc priest invokes the aid of Beogh against you.
Beogh smites you!
You die...

#.....#
#...###
#..##
#..#
##.##
##..#
#@).#
#o#.#
#@J.#
##..##
#..##
##.##
#..#
#..#
####


You could see Terence, an orc priest and an ooze.

Vanquished Creatures
  An orc priest (D:2)
  2 adders
  A worm (D:2)
  3 dart slugs
  A leopard gecko (D:2)
  5 orcs
  A giant cockroach (D:2)
  5 goblins
  8 hobgoblins
  7 kobolds
  5 bats (D:1)
  3 frilled lizards (D:1)
  3 rats
45 creatures vanquished.

Notes
Turn   | Place    | Note
-------+----------+-------------------------------------------
     0 | D:1      | Ejeck the Minotaur Fighter began the quest for the Orb.
     0 | D:1      | Reached XP level 1. HP: 19/19 MP: 0/0
   177 | D:1      | Reached XP level 2. HP: 27/27 MP: 1/1
   370 | D:1      | Reached skill level 1 in Throwing
   663 | D:1      | Reached XP level 3. HP: 33/33 MP: 2/2
   712 | D:2      | Found a bloodstained altar of Trog.
   732 | D:2      | Became a worshipper of Trog the Wrathful
  1104 | D:2      | Reached XP level 4. HP: 16/41 MP: 3/3
  1326 | D:3      | Noticed Terence
  1652 | D:3      | Killed from afar by an orc priest

Skill      XL: |  1  2  3 |
---------------+----------+-----
Throwing       | 1 |  1.9
Fighting       | 4 |  4.7
Shields        | 4 |  4.2
Armour         | 4 |  4.4
Long Blades    | |  2.7

Action                   |  1- 3 |  4- 6 || total
-------------------------+-------+-------++-------
Melee: Long sword        |    92 |    26 ||   118
       Headbutt          |    13 |     6 ||    19
Throw: Stone             |    59 |     5 ||    64
  Eat: Bread ration      |     1 |       ||     1
Armor: Scale mail        |    56 |    11 ||    67
Dodge: Dodged            |    37 |     8 ||    45
Block: Shield            |    57 |    22 ||    79
       Rpst.: Long sword |     9 |     2 ||    11
